 Dungeon Crawl Stone Soup version 0.27-a0-1140-g099f9bb0e8 (webtiles) character file.

Game seed: 10636885900196104589

679 sanka the Thaumaturge (level 7, -1/58 HPs)
             Began as a Djinni Wanderer on May 9, 2021.
             Slain by a wight
             ... wielding a +3 halberd
              (9 damage)
             ... on level 7 of the Dungeon.
             The game lasted 00:10:14 (4913 turns).

sanka the Thaumaturge (Djinni Wanderer)             Turns: 4913, Time: 00:10:15

Health: -1/58      AC:  5    Str:  8    XL:     7   Next: 60%
Gold:   278        EV: 11    Int: 19    God:
                   SH:  0    Dex: 15

rFire    + + .     SeeInvis .   l - +3 quarterstaff (chaos)
rCold    x . .     Faith    .   (shield currently unavailable)
rNeg     . . .     Spirit   .   e - +0 robe
rPois    ∞         Reflect  .   q - +2 hat {Int+3}
rElec    .         Harm     .   j - +0 cloak
rCorr    .         Rampage  .   (no gloves)
Will     .....                  (boots unavailable)
Stlth    ++........             (no amulet)
HPRegen  0.19/turn              (no ring)
MPRegen  0.00/turn              (no ring)

@: flying
A: sickness immunity, fire resistance 2, cold vulnerability 1, float, innate
caster, hp casting, extra vitality 1
a: no special abilities


You were on level 7 of the Dungeon.
You visited 1 branch of the dungeon, and saw 6 of its levels.

You collected 278 gold pieces.


Innate Abilities, Weirdness & Mutations

You are immune to sickness and miasma.
You are immune to poison.
Your flesh is very heat resistant. (rF++)
You are vulnerable to cold. (rC-)
You float through the air rather than walking.
You learn spells naturally, not from books.
Your magical power is your life essence.
You have superior vitality. (+4 HP)


   Skills:
 * Level 7.0 Fighting
 - Level 1.0 Throwing
 - Level 1.0 Stealth
 - Level 8.0 Spellcasting


You had 12 spell levels left.
You knew the following spells:

 Your Spells              Type           Power      Damage    Failure   Level
b - Blink                 Tloc           N/A        N/A       1%          2
e - Apportation           Tloc           76%        N/A       1%          1
u - Dazzling Flash        Conj/Hex       76%        N/A       1%          3
y - Gell's Gravitas       Tloc           19%        N/A       1%          3
z - Shock                 Conj/Air       100%       1d9       1%          1
Your spell library was empty.

Inventory:

Hand Weapons
 a - a +2 dagger
 l - a +3 quarterstaff of chaos (weapon)
 v - a +0 whip of draining
Missiles
 b - 3 curare-tipped darts (quivered) {=f}
 n - 36 poisoned darts
Armour
 e - a +0 robe (worn)
 j - a +0 cloak (worn)
 q - a +2 hat of intelligence (worn)
 s - a +1 helmet
Wands
 i - a wand of flame (18)
 k - a wand of digging (8)
 x - a wand of iceblast (5)
Scrolls
 p - a scroll of magic mapping
Potions
 c - a potion of curing {unknown}
 d - 2 potions of lignification {!q}
 f - 3 potions of attraction {unknown}
 g - a potion of ambrosia {unknown}
 h - 2 potions of haste {unknown}
 u - a potion of cancellation {unknown}

Dungeon Overview and Level Annotations

Branches:
Dungeon (5/15)             Temple (0/1) D:4

Altars:
Hepliaklqana
Xom
Yredelemnul

Shops:
D:1 ? D:2

( ▒(▒▒▒.▒ ▒.▒
... ▒.▒ ▒.▒ ▒..
▒.▒▒ ▒▒▒ l.. ▒.▒
▒▒▒▒▒.▒
▒▒....z▒▒▒▒▒▒▒y▒
▒..h.##hR#y#.y.y
▒..▒▒▒▒▒▒▒▒▒▒▒..
▒.▒▒▒▒(.▒
▒.......▒
▒▒▒▒▒▒▒z▒ ▒
▒▒▒▒▒▒.▒ ▒▒▒
▒.z....▒
.z▒▒▒.▒▒▒▒▒▒
▒..z..▒


You could see a howler monkey (fleeing), a killer bee (fleeing) and a wight.


Message History

The puff of flame misses you.
As you read the scroll labelled SUDYTSOT NUTU, it crumbles to dust.
It is a scroll of enchant weapon.
Your +2 quarterstaff of chaos glows red for a moment.
The killer bee stings you.
* * * LOW HITPOINT WARNING * * *
The wight zaps a wand.
The puff of flame hits you. You resist.
* * * LOW HITPOINT WARNING * * *
The killer bee stings you but does no damage.
Unknown command.
As you read the scroll labelled TATOUXAIROTZ, it crumbles to dust.
It is a scroll of identify.
p - a scroll of magic mapping The killer bee closely misses you.
The wight hits you from afar with a +3 halberd.
* * * LOW HITPOINT WARNING * * *
The killer bee stings you.
* * * LOW HITPOINT WARNING * * *
The howler monkey barely misses you.
Okay, then.
Okay, then.
As you read the scroll of fear, it crumbles to dust.
You assume a fearsome visage.
The killer bee looks frightened!
The howler monkey looks frightened!
The wight is unaffected.
The wight hits you from afar with a +3 halberd!
You die...

Action                   |  1- 3 |  4- 6 |  7- 9 || total
-------------------------+-------+-------+-------++-------
Melee: Dagger            |    91 |       |       ||    91
Throw: Dart              |       |     3 |       ||     3
 Cast: Shock             |    17 |    70 |    38 ||   125
Evoke: Wand              |       |     1 |     3 ||     4
  Use: Scroll            |       |       |     6 ||     6
 Stab: Sleeping          |     3 |       |       ||     3
Armor: Robe              |    10 |     2 |     3 ||    15
Dodge: Dodged            |    42 |     6 |     6 ||    54

Levels and vault maps discovered:
D:1:      kilobyte_arrival_exit_the_forest, layout_basic, serial_shops,
          nicolae_shop_window_shopping
D:2:      layout_rooms, shapermc_ecumenical_altar_mp_urbaneastern, serial_shops,
          shop_coins, uniq_terence, uniq_jessica, uniq_crazy_yiuf_cottage
D:3:      layout_rooms
D:4:      layout_loops_ring, xom_teletrap_fun,
          yredelemnul_forgotten_temple_becter, minmay_temple_entry_ruins,
          minmay_pentangle
D:5:      layout_basic, lemuel_round_altar
D:7:      layout_loops_ring, lemuel_tele_altar, small_statue_intersection,
          grunt_decor_fettered, minmay_crystal_water

Notes
Turn   | Place    | Note
-------+----------+-------------------------------------------
     0 | D:1      | sanka the Djinni Wanderer began the quest for the Orb.
     0 | D:1      | Reached XP level 1. HP: 15/15 MP: 0/0
   447 | D:1      | Reached skill level 1 in Fighting
   777 | D:1      | Reached XP level 2. HP: 19/22 MP: 0/0
   930 | D:1      | Reached skill level 2 in Fighting
  1092 | D:1      | Found Giyllath's Magic Scroll Boutique.
  1610 | D:2      | Reached XP level 3. HP: 14/29 MP: 0/0
  1610 | D:2      | Learned a level 1 spell: Shock
  1961 | D:2      | Reached skill level 3 in Fighting
  2034 | D:2      | Found a faded altar of an unknown god.
  2048 | D:2      | Found Othraup's Weapon Emporium.
  2133 | D:2      | Noticed Terence
  2149 | D:2      | Killed Terence
  2150 | D:2      | Reached XP level 4. HP: 13/35 MP: 0/0
  2445 | D:2      | Found a runed translucent door.
  2446 | D:2      | Noticed Crazy Yiuf
  2452 | D:2      | Killed Crazy Yiuf
  2521 | D:2      | Noticed Jessica
  2526 | D:2      | Killed Jessica
  2527 | D:2      | Reached skill level 4 in Fighting
  2527 | D:2      | Reached XP level 5. HP: 40/41 MP: 0/0
  2527 | D:2      | Learned a level 2 spell: Blink
  3080 | D:3      | Reached XP level 6. HP: 34/49 MP: 0/0
  3326 | D:4      | Reached skill level 5 in Fighting
  3422 | D:4      | Found a staircase to the Ecumenical Temple.
  3536 | D:4      | Found a shimmering altar of Xom.
  3719 | D:4      | Found a basalt altar of Yredelemnul.
  4001 | D:4      | Noticed an orc warrior
  4026 | D:4      | Killed an orc warrior
  4343 | D:4      | Reached skill level 6 in Fighting
  4343 | D:4      | Reached XP level 7. HP: 40/56 MP: 0/0
  4343 | D:4      | Learned a level 3 spell: Dazzling Flash
  4485 | D:5      | Entered Level 5 of the Dungeon
  4613 | D:5      | You are sucked into a shaft and drop 2 floors!
  4629 | D:7      | Reached skill level 8 in Spellcasting
  4671 | D:7      | Found a hazy altar of Hepliaklqana.
  4718 | D:7      | Reached skill level 7 in Fighting
  4753 | D:7      | HP: 4/58 [wight/+2 falchion of freezing (9)]
  4753 | D:7      | HP: 1/58 [wight/+2 falchion of freezing (3)]
  4907 | D:7      | Noticed a wyvern
  4913 | D:7      | Slain by a wight

Vanquished Creatures
  An orc warrior (D:4)
  A necrophage (D:7)
  A phantom (D:7)
  2 water moccasin skeletons (D:4)
  A wight (D:7)
  A hound (D:4)
  An orc priest (D:3)
  Crazy Yiuf (D:2)
  Jessica (D:2)
  Terence (D:2)
  2 orc wizards (D:3)
  2 adders
  A worm (D:5)
  3 dart slugs
  13 orcs
  9 ball pythons
  5 endoplasms
  2 giant cockroaches (D:1)
  6 hobgoblins
  5 kobolds
  2 quokkas
  A bat (D:1)
  2 frilled lizards
  6 goblins
  7 rats
  A spectral orc (D:4)
78 creatures vanquished.

Vanquished Creatures (others)
  2 fungi (D:2)
  A plant (D:2)
3 creatures vanquished.

Grand Total: 81 creatures vanquished
